 Dungeon Crawl Stone Soup version 0.30-a0-140-gd1020e658a (webtiles) character file.

Game seed: 5674630812193119359

61 Julmuri the Grave Robber (level 3, 0/19 HPs)
             Began as a Deep Elf Necromancer on Sept 24, 2022.
             Slain by Terence
             ... wielding a +0 flail
              (11 damage)
             ... on level 2 of the Dungeon.
             The game lasted 00:07:22 (1481 turns).

Julmuri the Grave Robber (Deep Elf Necromancer)     Turns: 1481, Time: 00:07:23

Health: 0/19       AC:  2    Str:  5    XL:     3   Next: 83%
Magic:  19/19      EV: 12    Int: 21    God:
Gold:   185        SH:  0    Dex: 15    Spells: 8/9 levels left

rFire   . . .      SeeInvis .    i - +2 dagger (protect)
rCold   . . .      Faith    .    (no shield)
rNeg    . . .      Spirit   .    a - +0 robe
rPois   .          Reflect  .    (no helmet)
rElec   .          Harm     .    (no cloak)
rCorr   .          Rampage  .    (no gloves)
Will    .....                    (no boots)
Stlth   ++........               n - amulet of magic regeneration
HPRegen 0.06/turn                l - ring of magical power
MPRegen 0.56/turn                (no ring)

@: no status effects
A: no striking features
a: no special abilities


You were on level 2 of the Dungeon.
You visited 1 branch of the dungeon, and saw 2 of its levels.

You collected 185 gold pieces.

Inventory:

Hand Weapons
 c - a +0 spear
 d - a +0 dagger
 i - a +2 dagger of protection (weapon)
Armour
 a - a +0 robe (worn)
Jewellery
 l - a ring of magical power (left hand)
 n - an amulet of magic regeneration (around neck)
Scrolls
 e - a scroll of identify {unknown}
 f - a scroll of enchant weapon {unknown}
 g - a scroll of amnesia {unknown}
 m - a scroll of immolation {unknown}
Potions
 b - a potion of magic
 h - a potion of haste {unknown}
 j - a potion of invisibility {unknown}
 k - a potion of curing {unknown}


   Skills:
 * Level 1.1 Short Blades
 + Level 2.4 Dodging
 + Level 2.4 Stealth
 + Level 3.8 Spellcasting
 + Level 6.0 Necromancy


You had 8 spell levels left.
You knew the following spells:

 Your Spells              Type           Power      Damage    Failure   Level
a - Necrotise             Necr           100%       1d9       1%          1

Your spell library contained the following spells:

 Spells                   Type           Power      Damage    Failure   Level
 Vampiric Draining        Necr           29%        2d8       3%          3
 Animate Dead             Necr           29%        N/A       11%         4
 Agony                    Necr           29%        N/A       28%         5


Dungeon Overview and Level Annotations

Branches:
Dungeon (2/15)

Altars:

Annotations:
D:2 Terence


Message History

You hit the fungus.
The fungus begins to die.
The fungus is lightly damaged.
You hit the fungus.
The fungus is lightly damaged.
You hit the fungus.
The fungus is lightly damaged.
You hit the fungus.
The fungus is lightly damaged.
You completely miss the fungus.
The fungus is lightly damaged.
A nearby fungus withers and dies.
Terence the Incautious comes into view.
He is wielding a +0 flail.
Found a faded altar of an unknown god.
Terence shouts!
Your ball python skeleton crumbles into dust!
You see here a scroll labelled YLOCEY ACAIC.
Found a robe.
Your jackal skeleton crumbles into dust!
Terence writhes in agony.
Terence writhes in agony.
You swap places.
Your rat skeleton barely misses Terence.
Terence hits your rat skeleton with a +0 flail!
Your rat skeleton is destroyed!
Your goblin skeleton hits the fungus.
The fungus begins to die.
You see here a scroll labelled YLOCEY ACAIC.
Terence barely resists.
You swap places.
Your goblin skeleton barely misses Terence.
Terence hits your goblin skeleton with a +0 flail!
Your goblin skeleton is destroyed!
Things that are here:
a +0 dagger; a +0 sling Terence writhes in agony.
Terence closely misses you. Terence hits you with a +0 flail!
Terence attacks as you move away! Terence closely misses you.
Terence attacks as you move away! Terence hits you with a +0 flail!
Ouch! That really hurt!
You die...

..#.##.....# ###.......
..#.##.....# ###...# .....
..#<##.....#####....###.#.#
..#..'.....'........[#.....
.#####.....#####..#....#
.........### #.###.###
########.# #..#..#
...#####'## #.....#
...##.....# #@#.######.
...##.....# #.@.)......
...##.....########.##########
...#####'##....###..........#
...# #..'...##P##..)......#
#### ####...#P..###.......#
#..##....#.##.....+
#..#♣[PP.#?P#.....#
#[.#_.~~..#.#.....#


You could see Terence.

Vanquished Creatures
  A gnoll (D:1)
  2 dart slugs (D:1)
  2 ball pythons
  5 bats
  3 endoplasms (D:1)
  2 giant cockroaches (D:1)
  7 goblins
  3 hobgoblins (D:1)
  7 jackals
  2 quokkas (D:1)
  3 kobolds
  4 rats
41 creatures vanquished.

Vanquished Creatures (collateral kills)
  A frilled lizard (D:1)
1 creature vanquished.

Vanquished Creatures (others)
  2 fungi (D:2)
  A plant (D:2)
3 creatures vanquished.

Grand Total: 45 creatures vanquished

Notes
Turn   | Place    | Note
-------+----------+-------------------------------------------
     0 | D:1      | Julmuri the Deep Elf Necromancer began the quest for the
                  | Orb.
     0 | D:1      | Reached XP level 1. HP: 10/10 MP: 6/6
    27 | D:1      | Reached skill level 5 in Necromancy
    76 | D:1      | Reached XP level 2. HP: 15/15 MP: 0/8
   338 | D:1      | Reached XP level 3. HP: 19/19 MP: 1/9
   732 | D:1      | Reached skill level 1 in Short Blades
  1439 | D:2      | Reached skill level 6 in Necromancy
  1465 | D:2      | Found a faded altar of an unknown god.
  1465 | D:2      | Noticed Terence
  1481 | D:2      | Slain by Terence

Illustrated notes

Levels and vault maps discovered:
D:1:      roderic_octagonal_star, layout_basic
D:2:      layout_basic, dreamdust_ecumenical_altar_hidden_monk_grotto,
          dreamdust_wishing_well, minmay_pentomino_x2, uniq_terence

Skill      XL: |  1  2  3 |
---------------+----------+-----
Necromancy     | 5 6 |  6.0
Short Blades   | 1 |  1.1
Dodging        | |  2.4
Stealth        | |  2.4
Spellcasting   | |  3.8

Action                   || total
-------------------------++-------
Melee: Dagger            ||    13
       Punch             ||     1
 Cast: Necrotise         ||    64
Armor: Robe              ||     3
Dodge: Dodged            ||    12

Table legend: (Time is in decaauts)
 A = Elapsed time spent in this place.
 B = Non-inter-level travel time spent in this place.
 C = Inter-level travel time spent in this place.
 D = Time resting spent in this place.
 E = Time spent auto-exploring this place.
 F = Levels seen in this place.
 G = Mean time per level.
                   A        B        C        D        E       F      G
               +--------+--------+--------+--------+--------+-----+--------+
         Total |   1478 |   1478 |      0 |      2 |    964 |   2 |  739.0 |
       Dungeon |   1478 |   1478 |      0 |      2 |    964 |   2 |  739.0 |
               +--------+--------+--------+--------+--------+-----+--------+

Top non-repeatable levels by time:
     D:1: 883 daAuts
     D:2: 595 daAuts
